AoeStats
← corazon de seda

Arena

510278281Analyzed
4v4 RM · 22h ago on Sep 30, 2026· 54m 14s· 8 players
Game mode
Random Map
Map size
Large (8 player)
Population
200
Speed
Normal
Resources
Standard
Victory
Conquest
Starting age
Dark Age
Ending age
Imperial Age
RankedLock teamsTeams togetherTeam positionsShared explorationLock speedFull tech treeHidden civsTurbo modeCheats
Victory
Defeat
🇩🇪 Khmer · Germany
967
+24
🇮🇳 Turks · India
850
+19
🇮🇳 Persians · India
807
+20
🇮🇳 Tatars · India
722
+24
🇦🇷 Berbers · Argentina
961
-21
🇨🇳 Hindustanis · China
903
-19
🇳🇿 Franks · New Zealand
891
-19
🇨🇳 Chinese · China
885
-18
LooneyNZ
11:30 Feudal Age
15:36 Castle Age
13:32 Double-Bit Axe
15:44 Wheelbarrow
20:35 Hand Cart
23:29 Stone Mining
24:02 Loom
24:24 Scale Barding Armor
30:54 Imperial Age
29:15 Chain Barding Armor
29:05 Forging
28:46 Fletching
29:23 Gold Mining
30:23 Scale Mail Armor
30:39 Bow Saw
30:50 Padded Archer Armor
31:21 Elite Skirmisher
31:59 Bodkin Arrow
32:27 Cavalier
33:32 Leather Archer Armor
35:37 Plate Barding Armor
35:37 Iron Casting
39:35 Blast Furnace
41:07 Onager
42:14 Chain Mail Armor
corazon de seda
11:29 Feudal Age
12:01 Horse Collar
19:11 Castle Age
17:19 Double-Bit Axe
18:18 Stone Mining
18:23 Gold Mining
21:06 Bow Saw
22:51 Stone Shaft Mining
23:20 Gold Shaft Mining
27:15 Heavy Plow
29:01 Husbandry
29:13 Bloodlines
31:08 Wheelbarrow
33:26 Imperial Age
31:38 Kasbah
33:12 Padded Archer Armor
33:02 Fletching
33:23 Forging
33:18 Scale Barding Armor
33:43 Hand Cart
33:29 Elite Camel Archer
34:31 Conscription
33:32 Heavy Camel Rider
36:38 Chain Barding Armor
36:18 Scale Mail Armor
36:56 Iron Casting
41:06 Plate Barding Armor
41:07 Onager
夏藤
10:50 Feudal Age
11:34 Loom
15:00 Castle Age
13:16 Double-Bit Axe
13:13 Horse Collar
16:08 Bow Saw
16:32 Heavy Plow
20:45 Gold Mining
22:30 Wheelbarrow
22:51 Gold Shaft Mining
22:26 Stone Mining
23:49 Forging
23:44 Scale Barding Armor
25:05 Stone Shaft Mining
28:47 Imperial Age
27:47 Hand Cart
27:27 Town Watch
30:04 Conscription
29:50 Grand Trunk Road
29:13 Elite Ghulam
29:40 Elite Ghulam
29:50 Elite Skirmisher
30:25 Fletching
30:35 Padded Archer Armor
31:11 Conscription
30:12 Elite Ghulam
31:04 Town Patrol
31:22 Bodkin Arrow
31:50 Ballistics
32:31 Chemistry
32:44 Bracer
33:00 Leather Archer Armor
34:33 Thumb Ring
35:01 Ring Archer Armor
36:39 Caravan
39:27 Two-Man Saw
39:03 Scale Mail Armor
39:45 Iron Casting
42:16 Pikeman
44:41 Blast Furnace
43:56 Chain Mail Armor
43:44 Squires
44:30 Husbandry
45:59 Chain Barding Armor
46:23 Bloodlines
45:35 Heavy Camel Rider
46:53 Masonry
46:50 Siege Engineers
48:15 Plate Barding Armor
47:04 Imperial Camel Rider
云野现长安
0:28 Loom
11:35 Feudal Age
12:37 Double-Bit Axe
12:38 Horse Collar
17:39 Castle Age
18:58 Heavy Plow
22:47 Stone Mining
25:10 Ballistics
30:14 Elite Skirmisher
32:53 Fletching
33:05 Padded Archer Armor
33:56 Bodkin Arrow
42:20 Imperial Age
41:24 Squires
41:09 Arson
40:45 Pikeman
41:44 Arson
43:19 Forging
43:10 Scale Mail Armor
44:41 Bracer
44:59 Leather Archer Armor
46:18 Wheelbarrow
46:23 Stone Shaft Mining
47:05 Iron Casting
48:22 Chemistry
47:52 Elite Genitour
Katzi2000
10:12 Feudal Age
11:04 Loom
11:52 Double-Bit Axe
14:24 Castle Age
12:21 Double-Bit Axe
12:45 Horse Collar
16:19 Bow Saw
16:21 Heavy Plow
20:30 Wheelbarrow
20:28 Gold Mining
21:10 Stone Mining
22:54 Stone Shaft Mining
23:52 Gold Shaft Mining
24:03 Hand Cart
23:39 Town Watch
29:19 Imperial Age
28:48 Fletching
28:58 Padded Archer Armor
29:22 Devotion
30:06 Ballistics
30:28 Leather Archer Armor
30:25 Scale Barding Armor
30:46 Conscription
30:47 Double Crossbow
30:51 Elite Ballista Elephant
33:29 Bodkin Arrow
34:17 Chain Barding Armor
35:28 Bracer
36:03 Plate Barding Armor
35:44 Forging
35:35 Scale Mail Armor
35:51 Leather Archer Armor
37:27 Masonry
38:25 Chemistry
38:17 Siege Engineers
39:29 Architecture
40:59 Coinage
46:31 Caravan
King Feet
2:21 Loom
10:34 Feudal Age
10:58 Feudal Age
15:17 Castle Age
13:59 Stone Mining
14:00 Gold Mining
14:04 Double-Bit Axe
14:13 Horse Collar
20:45 Wheelbarrow
20:35 Town Watch
25:15 Squires
26:17 Hand Cart
26:32 Town Patrol
26:22 Pikeman
30:38 Bloodlines
30:28 Husbandry
30:50 Scale Mail Armor
31:00 Forging
30:56 Scale Barding Armor
38:17 Imperial Age
35:55 Heavy Plow
36:07 Bow Saw
37:34 Scale Barding Armor
38:05 Iron Casting
37:26 Arson
38:59 Halberdier
39:34 Man-at-Arms
40:46 Conscription
41:11 Chain Barding Armor
41:51 Blast Furnace
41:58 Long Swordsman
43:02 Caravan
43:13 Guilds
42:47 Elite Keshik
42:59 Two-Handed Swordsman
45:41 Silk Armor
48:18 Crop Rotation
48:29 Plate Barding Armor
48:55 Blast Furnace
52:33 Fletching
52:43 Padded Archer Armor
ExxTACSY
0:48 Loom
11:46 Feudal Age
15:43 Castle Age
14:02 Double-Bit Axe
22:52 Imperial Age
21:15 Bow Saw
24:03 Wheelbarrow
25:49 Gold Mining
27:15 Forging
26:56 Fletching
36:27 Padded Archer Armor
36:18 Fletching
41:09 Gold Shaft Mining
41:25 Leather Archer Armor
41:05 Bodkin Arrow
41:46 Iron Casting
42:52 Stone Mining
43:39 Ring Archer Armor
43:10 Bracer
43:57 Parthian Tactics
47:22 Artillery
47:47 Sipahi
Ninja-Rio
11:42 Feudal Age
15:05 Castle Age
13:22 Double-Bit Axe
15:24 Pikeman
25:05 Wheelbarrow
26:37 Hand Cart
28:26 Squires
31:46 Imperial Age
29:35 Hand Cart
29:33 Bow Saw
29:06 Horse Collar
29:17 Gold Mining
29:18 Stone Mining
29:48 Forging
29:49 Scale Barding Armor
31:01 Kamandaran
32:57 Crossbowman
33:44 Thumb Ring
35:37 Iron Casting
36:04 Fletching
36:14 Padded Archer Armor
38:39 Chain Barding Armor
39:20 Blast Furnace
38:17 Bodkin Arrow
38:37 Leather Archer Armor
38:22 Town Watch
38:23 Loom
38:43 Elite War Elephant
42:41 Chemistry
42:13 Halberdier
Connection lost

Rejoining the realm…

Still unreachable

The connection could not be restored.

Session expired

The server has moved on; the page needs a fresh start.